 Dungeon Crawl Stone Soup version 0.20.1-1-g8b1a95d (webtiles) character file.

1263 Kaya the Grappler (level 8, -5/75 HPs)
             Began as a Troll Abyssal Knight on Nov 11, 2017.
             Was a Believer of Lugonu.
             Hit by a large rock thrown by a cyclops (35 damage)
             ... on level 6 of the Dungeon.
             The game lasted 01:04:49 (4585 turns).

Kaya the Grappler (Troll Abyssal Knight)            Turns: 4585, Time: 01:04:49

Health: -5/75      AC:  9    Str: 22    XL:     8   Next: 27%
Magic:  7/8        EV: 11    Int:  8    God:    Lugonu [**....]
Gold:   318        SH:  0    Dex: 10    Spells: 7/7 levels left

rFire    . . .     SeeInvis .     - Unarmed
rCold    . . .     Gourm    +   (no shield)
rNeg     . . .     Faith    .   o - +1 robe
rPois    .         Spirit   .   (helmet restricted)
rElec    .         Reflect  .   (no cloak)
rCorr    .         Harm     .   (gloves unavailable)
MR       .....                  (boots unavailable)
Stlth    +.........             (no amulet)
Regen    0.7/turn               n - +3 ring of protection
MPRegen  0.2/turn               (no ring)

@: no status effects
A: unfitting armour, claws 3, fast metabolism 3, gourmand, regeneration 1,
shaggy fur 1, tough skin 2
a: Depart the Abyss, Bend Space, Renounce Religion


You were on level 6 of the Dungeon.
You worshipped Lugonu.
Lugonu was pleased with you.
You were very hungry.

You visited 1 branch of the dungeon, and saw 6 of its levels.
You visited the Abyss 1 time.

You collected 318 gold pieces.

Inventory:

Hand Weapons
 v - the +5 dagger "Ogrebane" {pierce, rC- Int+8 Stlth-}
   (You found it on level 4 of the Dungeon)

   It inflicts extra damage upon your enemies.
   It affects your intelligence (+8).
   It makes you vulnerable to cold.
   It makes you less stealthy.
Missiles
 r - 2 throwing nets (quivered)
 y - a large rock
Armour
 o - a +1 robe (worn)
Magical Staves
 d - an uncursed staff of cold
 u - an uncursed staff of fire
Jewellery
 n - a +3 ring of protection (left claw)
Wands
 x - a wand of flame (29/48)
Scrolls
 a - a scroll of remove curse
 c - a scroll of identify
 i - a scroll of fog
 j - 3 scrolls of immolation
 m - a scroll of amnesia
Potions
 e - a potion of magic
 h - 3 potions of curing
 k - 2 potions of might
 l - 3 potions of invisibility
 p - 2 potions of flight
 q - a potion of ambrosia
 s - 2 potions of brilliance {unknown}
 t - a potion of heal wounds {unknown}
 w - 2 potions of resistance {unknown}
Comestibles
 b - 6 bread rations
 f - 2 royal jellies
 g - a meat ration


   Skills:
 + Level 3.4 Fighting
 + Level 4.2 Dodging
 + Level 8.6 Unarmed Combat
 + Level 1.6 Invocations


You had 7 spell levels left.
You didn't know any spells.

Dungeon Overview and Level Annotations

Branches:
Dungeon (6/15)             Temple (0/1) D:6

Altars:
Dithmenos
Okawaru
Vehumet
Yredelemnul


Innate Abilities, Weirdness & Mutations

You are too large for most types of armour.
You have claws for hands.
Your metabolism is lightning-fast.
You like to eat raw meat.
Your natural rate of healing is unusually fast.
You are covered in fur. (AC +1)
You have very tough skin. (AC +2)


Message History

Found a stone staircase leading up.
You feel sick.
You feel sick.
You feel sick.
You feel sick.
You feel sick.
There is a stone staircase leading up here.
You feel sick.
You are no longer poisoned.
Found a falchion.
Found a stone staircase leading down.
You are feeling very hungry.
A cyclops comes into view.
The cyclops throws a large rock.
The large rock hits you!!
You see here a large rock.
You see here a large rock.
y - a large rock The cyclops throws a large rock.
The large rock hits you!! Space bends around you!
You blink.
The cyclops throws a large rock.
The large rock hits you!!
You die...

#.#
#.#
#.#
#C#
#.#
#.#
#.#
#@#
#.#
#ยง#
#.#
#.#
#.#
#.#
#.#
#
#.#
#


You could see a cyclops.

Vanquished Creatures
  Sigmund (D:5)
  Eustachio (D:4)
  Menkaure (D:4)
  An ice beast (D:5)
  A bullfrog (D:4)
  2 scorpions
  3 crimson imps
  A bullfrog zombie (D:5)
  An orc priest (D:4)
  A bullfrog skeleton (D:3)
  A jelly (D:5)
  3 centaur skeletons (D:5)
  2 orc wizards (D:4)
  A worker ant (D:5)
  8 adders
  4 gnolls (D:3)
  2 oozes
  2 adder zombies
  3 dart slugs
  5 leopard geckos
  5 orcs
  A giant cockroach (D:5)
  7 goblins
  11 hobgoblins
  6 jackals
  A quokka (D:2)
  5 bats
  3 frilled lizards
  A giant cockroach zombie (D:5)
  7 kobolds
  A quokka skeleton (D:4)
  A quokka zombie (D:1)
  9 rats
102 creatures vanquished.

Notes
Turn   | Place    | Note
-------+----------+-------------------------------------------
     0 | Abyss:1  | Kaya the Troll Abyssal Knight began the quest for the Orb.
     0 | Abyss:1  | Reached XP level 1. HP: 22/22 MP: 1/1
   152 | Abyss:1  | Noticed a hellwing
   153 | D:1      | Escaped the Abyss
   316 | D:1      | Reached XP level 2. HP: 29/29 MP: 2/2
   391 | D:1      | Reached * piety under Lugonu
   698 | D:1      | Reached XP level 3. HP: 36/36 MP: 3/3
  1443 | D:2      | Reached skill level 3 in Unarmed Combat
  1464 | D:2      | Found an iron altar of Okawaru.
  1905 | D:3      | Reached ** piety under Lugonu
  1905 | D:3      | Reached XP level 4. HP: 39/45 MP: 4/4
  2074 | D:3      | Reached skill level 4 in Unarmed Combat
  2074 | D:3      | Reached XP level 5. HP: 51/53 MP: 5/5
  2281 | D:3      | Found a shadowy altar of Dithmenos.
  2819 | D:4      | Noticed Eustachio
  2905 | D:4      | Killed Eustachio
  2905 | D:4      | Reached skill level 5 in Unarmed Combat
  2905 | D:4      | Reached XP level 6. HP: 58/61 MP: 6/6
  3185 | D:4      | Reached skill level 6 in Unarmed Combat
  3298 | D:4      | Reached XP level 7. HP: 63/67 MP: 7/7
  3383 | D:4      | Got a bloodstained dagger
  3514 | D:4      | Noticed Menkaure
  3524 | D:4      | Killed Menkaure
  3622 | D:5      | Entered Level 5 of the Dungeon
  3634 | D:5      | Reached skill level 7 in Unarmed Combat
  3851 | D:5      | Noticed Sigmund
  3903 | D:5      | Killed Sigmund
  3933 | D:5      | Reached XP level 8. HP: 67/75 MP: 8/8
  3974 | D:5      | Found a basalt altar of Yredelemnul.
  3992 | D:5      | Reached skill level 8 in Unarmed Combat
  4292 | D:6      | Found a staircase to the Ecumenical Temple.
  4305 | D:6      | Found a basalt altar of Yredelemnul.
  4343 | D:6      | Identified the +5 dagger "Ogrebane" {pierce, rC- Int+8 Stlth-} (You found it on level 4 of the Dungeon)
  4438 | D:6      | Found a radiant altar of Vehumet.
  4581 | D:6      | Noticed a cyclops
  4585 | D:6      | Hit by a large rock thrown by a cyclops

Skill      XL: |  1  2  3  4  5  6  7  8 |
---------------+-------------------------+-----
Dodging        | 2 3 4 |  4.2
Fighting       | 3 |  3.4
Unarmed Combat | 3 4 5 6 7 8 |  8.6
Invocations    | |  1.6

Action                   |  1- 3 |  4- 6 |  7- 9 || total
-------------------------+-------+-------+-------++-------
Melee: Unarmed           |   139 |   185 |    85 ||   409
       Punch             |     1 |     3 |     4 ||     8
Invok: Depart the Abyss  |     1 |       |       ||     1
       Bend Space        |       |       |     1 ||     1
  Use: Scroll            |     1 |    11 |     2 ||    14
       Potion            |       |       |     1 ||     1
 Stab: Sleeping          |     1 |       |       ||     1
  Eat: Chunk             |    19 |    10 |     9 ||    38
Armor: Robe              |    48 |    50 |    24 ||   122
Dodge: Dodged            |    59 |    85 |    39 ||   183
